 Dungeon Crawl Stone Soup version 0.26-a0-818-g75db068ed4 (webtiles) character file.

Game seed: 3433517885306585325

148 sahdkjhfkaj the Chucker (level 5, 0/38 HPs)
             Began as a Merfolk Warper on Nov 14, 2020.
             Was an Initiate of Makhleb.
             Succumbed to a worker ant's poison
             ... on level 4 of the Dungeon.
             The game lasted 00:08:32 (3977 turns).

sahdkjhfkaj the Chucker (Merfolk Warper)            Turns: 3977, Time: 00:08:33

Health: 0/38       AC:  3    Str: 13    XL:     5   Next: 30%
Magic:  3/8        EV: 13    Int: 12    God:    Makhleb [......]
Gold:   144        SH:  0    Dex: 13    Spells: 6/8 levels left

rFire    . . .     SeeInvis .   a - +0 spear (vamp)
rCold    . . .     Faith    .   (no shield)
rNeg     . . .     Spirit   .   v - +0 robe
rPois    .         Reflect  .   s - +0 helmet
rElec    .         Harm     .   (no cloak)
rCorr    .         Rampage  .   (no gloves)
MR       .....                  (no boots)
Stlth    +.........             (no amulet)
HPRegen  0.12/turn              (no ring)
MPRegen  0.11/turn              (no ring)

@: lethally poisoned (0 -> -17), very slightly contaminated
A: change form in water, swift swim, stealthy swim
a: Renounce Religion


You were on level 4 of the Dungeon.
You worshipped Makhleb.
Makhleb was noncommittal.
You visited 1 branch of the dungeon, and saw 4 of its levels.

You collected 144 gold pieces.

Inventory:

Hand Weapons
 a - a +0 vampiric spear (weapon)
Missiles
 e - 5 boomerangs of dispersal (quivered)
 p - 4 boomerangs
Armour
 s - a +0 helmet (worn)
 v - a +0 robe (worn)
Jewellery
 r - an uncursed ring of ice {unknown}
Scrolls
 c - a scroll of identify {!r, unknown}
 g - a scroll of enchant weapon {!r, unknown}
 i - a scroll of amnesia {!r, unknown}
 j - a scroll of enchant armour {!r, unknown}
 k - 3 scrolls of magic mapping {!r, unknown}
 l - 3 scrolls of teleportation {!r, unknown}
 t - a scroll of immolation {!r, unknown}
Potions
 b - a potion of resistance {!q, unknown}
 f - a potion of degeneration {!q, unknown}
 h - 2 potions of might {!q}
 m - a potion of curing {!q, unknown}
 n - 3 potions of brilliance {!q}
 o - a potion of flight {!q, unknown}
 q - 2 potions of attraction {!q, unknown}
 u - a potion of haste {!q, unknown}


   Skills:
 - Level 2.1 Fighting
 - Level 3.0 Polearms
 - Level 3.6 Throwing
 - Level 1.0 Armour
 - Level 3.0 Dodging
 + Level 2.4 Spellcasting
 + Level 1.4 Hexes
   Level 2.4 Translocations
 + Level 1.5 Ice Magic


You had 6 spell levels left.
You knew the following spells:

 Your Spells              Type           Power        Failure   Level
a - Ensorcelled Hibernat  Hex/Ice        #.....       22%         2

Your spell library contained the following spells:

 Spells                   Type           Power        Failure   Level
 Blink                    Tloc           N/A          14%         2
 Gell's Gravitas          Tloc           #.........   28%         3
 Lesser Beckoning         Tloc           #.........   28%         3
 Teleport Other           Tloc           #.......     28%         3
 Passage of Golubria      Tloc           N/A          67%         4


Dungeon Overview and Level Annotations

Branches:
Dungeon (4/15)
 Temple: D:4-7

Altars:
Makhleb
Trog
The Shining One


Message History

You feel sick. The worker ant bites you.
* * * LOW HITPOINT WARNING * * *
You are more poisoned.
The worker ant poisons you!
You hit the worker ant but do no damage.
The worker ant is lightly wounded.
* * * LOW HITPOINT WARNING * * *
You feel sick. The worker ant closely misses you.
You hit the worker ant.
The worker ant is moderately wounded.
* * * LOW HITPOINT WARNING * * *
You feel sick.
The worker ant bites you but does no damage.
You hit the worker ant.
The worker ant is heavily wounded.
* * * LOW HITPOINT WARNING * * *
You feel sick. The worker ant barely misses you.
You hit the worker ant.
The worker ant is heavily wounded.
You die...

#.# #.# #.# #.#
#.#
##############.#
#.......##.....#
#.......##.#B@.##
#.......##..###.#
#.......##.. #.#
#.......###.###.#
#.....^.# #...##
#.......# ##.##
##.#.#.######.#
#####.#..........#
....<.....#####..#


You could see a worker ant.

Vanquished Creatures
  Jessica (D:2)
  2 gnolls (D:3)
  4 adders
  2 worms
  2 dart slugs (D:1)
  A leopard gecko (D:2)
  2 orcs
  A giant cockroach (D:1)
  9 goblins
  6 hobgoblins
  4 quokkas
  A ball python (D:3)
  8 bats
  6 frilled lizards
  4 kobolds
  5 rats
58 creatures vanquished.

Notes
Turn   | Place    | Note
-------+----------+-------------------------------------------
     0 | D:1      | sahdkjhfkaj the Merfolk Warper began the quest for the Orb.
     0 | D:1      | Reached XP level 1. HP: 16/16 MP: 3/3
   312 | D:1      | Reached skill level 1 in Armour
   339 | D:1      | Reached XP level 2. HP: 22/22 MP: 5/5
   963 | D:2      | Reached XP level 3. HP: 27/27 MP: 6/6
  1304 | D:2      | Noticed Jessica
  1318 | D:2      | Killed Jessica
  1319 | D:2      | Reached XP level 4. HP: 13/33 MP: 7/7
  1325 | D:2      | Identified Jessica's Papyrus of Hexes
  1522 | D:2      | Learned a level 2 spell: Ensorcelled Hibernation
  2465 | D:2      | Reached skill level 1 in Ice Magic
  2828 | D:3      | Reached skill level 1 in Hexes
  2978 | D:3      | Found a bloodstained altar of Trog.
  3228 | D:3      | Found a glowing golden altar of the Shining One.
  3259 | D:3      | Reached XP level 5. HP: 28/38 MP: 8/8
  3422 | D:3      | Found a burning altar of Makhleb.
  3451 | D:3      | Became a worshipper of Makhleb the Destroyer
  3977 | D:4      | Succumbed to a worker ant's poison

Illustrated notes

Levels and vault maps discovered:
D:1:      minmay_arrival_stone_box, layout_basic, hangedman_decor_lopped
D:2:      layout_basic, chequers_serial_rivers_large_b, kennysheep_jessica_study
D:3:      kennysheep_goblin_castle, layout_basic, overflow_temple_1_default,
          bloody_makhleb, lemuel_doored_altar, hangedman_abyss_or_decor_stabs
D:4:      layout_loops_cross, sigmund_army

Skill      XL: |  1  2  3  4 |
---------------+-------------+-----
Armour         | 1 |  1.0
Throwing       | 2 3 |  3.6
Dodging        | 3 |  3.0
Ice Magic      | 1 |  1.5
Hexes          | 1 |  1.4
Fighting       | |  2.1
Polearms       | |  3.0
Spellcasting   | |  2.4
Translocations | |  2.4

Action                   |  1- 3 |  4- 6 || total
-------------------------+-------+-------++-------
Melee: Spear             |   126 |   174 ||   300
 Cast: Ensorcelled Hiber |       |    14 ||    14
  Use: Potion            |     2 |       ||     2
       Scroll            |       |     1 ||     1
 Stab: Sleeping          |       |     5 ||     5
Armor: Leather armour    |    26 |    11 ||    37
       Robe              |       |    17 ||    17
Dodge: Dodged            |    78 |   106 ||   184

Table legend: (Time is in decaauts)
 A = Elapsed time spent in this place.
 B = Non-inter-level travel time spent in this place.
 C = Inter-level travel time spent in this place.
 D = Time resting spent in this place.
 E = Time spent auto-exploring this place.
 F = Levels seen in this place.
 G = Mean time per level.
                   A        B        C        D        E       F      G
               +--------+--------+--------+--------+--------+-----+--------+
         Total |   3934 |   3784 |    150 |   1091 |   2124 |   4 |  983.5 |
       Dungeon |   3934 |   3784 |    150 |   1091 |   2124 |   4 |  983.5 |
               +--------+--------+--------+--------+--------+-----+--------+

Top non-repeatable levels by time:
     D:2: 2070 daAuts
     D:1: 902 daAuts
     D:3: 583 daAuts
     D:4: 378 daAuts
